Map: King Sejong Station LE

Players

Fropez - Winner!

  • Race: Protoss Protoss
  • League: Gold
  • Spawn Location: 11:00

AndrewBruno

  • Race: Terran Terran
  • League: Gold
  • Spawn Location: 5:00

VOD

Have the link to the VOD?

Description

Time

  • Played on: Aug. 22, 2016, 4:39 p.m.
  • Length: 9:27
Show
View Real Time Build Order
Export as new Build Order

Fropez Protoss - Winner!

Build Orders:  

Get SALT Encoding   

  12  0:10  Pylon  
  12  0:12  Probe (Chrono Boost)  
  13  0:27  Probe (Chrono Boost)  
  14  0:31  Gateway  
  14  0:37  Probe (Chrono Boost)  
  15  0:49  Probe (Chrono Boost)  
  16  0:54  Pylon  
  16  0:57  Assimilator  
  16  1:00  Probe (Chrono Boost)  
  17  1:11  Probe (Chrono Boost)  
  18  1:21  Probe (Chrono Boost)  
  18  1:24  Cybernetics Core  
  19  1:32  Probe (Chrono Boost)  
  20  1:36  Gateway  
  20  1:44  Pylon  
  20  2:00  Warp Gate (Chrono Boost)  
  20  2:06  Stalker  
  22  2:23  Nexus  
  22  2:31  Pylon  
  22  2:42  Mothership Core  
  24  2:47  Pylon  
  24  3:03  Probe  
  25  3:09  Assimilator  
  25  3:10  Gateway  
  25  3:15  Probe  
  26  3:24  Robotics Facility  
  26  3:27  Probe  
  27  3:35  Probe  
  28  3:52  Gateway  
  28  3:53  Probe x2  
  30  3:56  Sentry  
  30  3:59  Assimilator  
  32  4:04  Probe  
  32  4:05  Probe  
  34  4:14  Probe  
  35  4:18  Probe  
  37  4:24  Observer (Chrono Boost)  
  37  4:25  Probe  
  37  4:30  Probe  
  39  4:32  Gateway  
  39  4:35  Probe, Gateway  
  39  4:37  Pylon  
  40  4:42  Probe  
  40  4:45  Pylon  
  41  4:46  Probe  
  41  4:51  Adept  
  41  4:52  Adept  
  46  4:57  Probe  
  47  5:03  Probe  
  48  5:09  Probe  
  48  5:10  Sentry  
  48  5:11  Assimilator  
  48  5:12  Sentry  
  48  5:13  Probe  
  54  5:21  Probe  
  54  5:22  Adept  
  54  5:24  Probe  
  56  5:33  Probe  
  57  5:44  Probe  
  57  5:45  Probe  
  59  5:55  Twilight Council  
  59  5:56  Immortal (Chrono Boost)  
  63  6:00  Gateway  
  63  6:03  Pylon  
  63  6:04  Zealot  
  63  6:05  Zealot x2  
  63  6:07  Probe x2  
  71  6:15  Pylon  
  71  6:29  Warp Prism (Chrono Boost)  
  71  6:31  Charge (Chrono Boost)  
  73  6:38  Adept x5  
  83  7:05  Immortal  
  87  7:10  Probe  
  87  7:11  Probe  
  89  7:17  Zealot x4  
  89  7:18  Zealot x2  
  101  7:40  Pylon  
  101  7:59  Nexus  
  101  8:00  Pylon  
  100  8:06  Zealot  
  106  8:12  Immortal  
  106  8:14  Stalker  
  106  8:15  Stalker  
  110  8:22  Zealot  
  110  8:23  Pylon  
  112  8:30  Probe  
  112  8:32  Probe  
  114  8:50  Zealot x4  
  108  9:12  Adept  
  108  9:13  Adept x4  
  108  9:14  Adept  
Show
View Real Time Build Order
Export as new Build Order

AndrewBruno Terran 

Build Orders: MMM Bio 

Get SALT Encoding   

  12  0:01  SCV  
  13  0:13  SCV  
  14  0:17  Supply Depot  
  14  0:25  SCV  
  15  0:39  SCV, Barracks  
  16  0:50  Refinery  
  16  0:51  SCV  
  17  0:57  Refinery  
  17  1:03  SCV  
  18  1:15  SCV  
  19  1:27  SCV  
  20  1:36  Command Center  
  20  1:46  Reaper  
  21  1:49  Orbital Command  
  21  1:58  Supply Depot  
  21  2:17  SCV, Barracks  
  22  2:29  SCV  
  23  2:30  Marine  
  24  2:41  SCV  
  24  2:42  Supply Depot  
  25  2:48  Marine  
  25  2:50  Factory  
  25  3:00  Orbital Command  
  25  3:02  SCV  
  26  3:06  Marine  
  26  3:07  Marine  
  28  3:14  SCV  
  29  3:24  Barracks  
  29  3:26  SCV  
  30  3:27  SCV  
  31  3:35  Marine x2  
  31  3:37  Factory Tech Lab  
  31  3:38  SCV  
  34  3:42  SCV  
  35  3:48  Bunker  
  35  3:50  SCV  
  35  3:54  SCV  
  39  4:00  Barracks Tech Lab  
  39  4:01  Barracks Tech Lab  
  39  4:02  SCV  
  38  4:03  Siege Tank  
  38  4:06  SCV  
  42  4:14  SCV  
  43  4:18  SCV  
  43  4:21  Marine  
  43  4:22  Marine, Marauder  
  48  4:26  SCV  
  49  4:35  SCV  
  49  4:36  Barracks x2  
  50  4:38  SCV  
  50  4:39  Marine  
  50  4:40  Marauder  
  54  4:53  Combat Shields  
  54  4:55  Stimpack  
  54  5:09  Supply Depot  
  54  5:25  Barracks Reactor, Barracks Tech Lab  
  54  5:27  Barracks Tech Lab  
  54  5:30  Marine x2, SCV x2  
  58  5:38  Siege Tank  
  61  5:43  SCV  
  61  5:48  Supply Depot  
  62  5:50  Starport, Supply Depot  
  62  5:53  Starport  
  62  5:54  Supply Depot  
  62  6:07  Refinery  
  62  6:08  Engineering Bay  
  62  6:09  Marine, SCV x2, Command Center  
  62  6:10  Marauder, Refinery  
  67  6:18  Marine  
  67  6:19  Marine  
  67  6:20  Marauder x2  
  67  6:22  Siege Tank, SCV x2  
  78  6:27  Marine  
  78  6:29  Starport Tech Lab x2  
  78  6:31  Marauder  
  81  6:37  Missile Turret  
  81  6:39  Missile Turret  
  81  6:45  Marine x2  
  81  6:46  Marine, Marauder  
  86  7:08  Missile Turret  
  86  7:21  Marine x3, SCV x2, Siege Tank, Marauder x3  
  100  7:23  Supply Depot x2  
  100  7:25  Supply Depot  
  100  7:28  Planetary Fortress  
  100  7:31  Terran Infantry Weapons Level 1  
  100  7:33  SCV  
  100  7:35  Engineering Bay  
  101  7:42  Armory  
  101  7:44  Marine, SCV, Marauder x2, Medivac  
  101  7:45  SCV, Medivac  
  112  7:53  Marine x2, Marauder  
  112  7:56  SCV  
  117  7:58  Siege Tank  
  117  8:01  Concussive Shells  
  117  8:02  Marine  
  121  8:06  Marauder x2  
  125  8:17  Refinery, Missile Turret  
  125  8:20  Refinery  
  125  8:23  Missile Turret  
  125  8:26  Supply Depot  
  125  8:28  SCV  
  125  8:29  Supply Depot  
  125  8:47  Marine x2  
  125  8:48  SCV x2, Marauder, Medivac  
  133  8:51  Marine x2, SCV  
  136  9:00  SCV  
Tags
 
Composition
MMM Bio
League
GoldGold
Matchup
PvT
Replay Pack
All Mines
Spawn Locations
Cross Positions
Add a new tag
Caveats
  • Supply blocks, unpowered buildings, or Contaminate may cause inaccurate times.
  • Supply counts are checked every 10 seconds.